 Dungeon Crawl Stone Soup version 0.30-b1-2-g02819fbbbe (webtiles) character file.

Game seed: 17508628726858486546

3278 Arcadio the Grappler (level 9, -13/139 HPs)
             Began as a Troll Fighter on May 12, 2023.
             Was an Initiate of Qazlal.
             Mangled by Joseph
             ... wielding a +0 quarterstaff of speed
              (16 damage)
             ... on level 8 of the Dungeon.
             The game lasted 00:15:49 (5908 turns).

Arcadio the Grappler (Troll Fighter)                Turns: 5908, Time: 00:15:50

Health: -13/139    AC:  5    Str: 30    XL:     9   Next: 69%
Magic:  8/8        EV: 10    Int:  4    God:    Qazlal [......]
Gold:   174        SH:  8    Dex:  9    Spells: 8/8 levels left

rFire   + .          .
                       - Unarmed
rCold   . . .        b - +1 kite shield
rNeg    . . .        a - +0 robe
rPois   .            (helmet restricted)
rElec   .            D - +0 cloak
rCorr   .            (gloves unavailable)
SInv    .            (boots unavailable)
Will    .....        z - amulet of regeneration Stlth
                     u - ring of protection from fire
HPRegen 2.03/turn    C - ring of flight
MPRegen 0.11/turn

%: no passive effects
@: berserking, flying, very quick
A: large, unfitting armour, claws 3, regeneration 1, shaggy fur 1, tough skin 1
a: Renounce Religion


You were on level 8 of the Dungeon.
You worshipped Qazlal.
Qazlal was noncommittal.
You visited 2 branches of the dungeon, and saw 9 of its levels.

You collected 408 gold pieces.
You spent 234 gold pieces at shops.

Inventory:

Hand Weapons
 G - the +3 hand axe of Dakiumuk {flame, Fragile Fly Int+6}
   (You found it on level 5 of the Dungeon)

   Int:       It affects your intelligence (+6).
   Fly:       It grants you flight.
   Fragile:   It will be destroyed if unequipped.
Missiles
 B - a throwing net (quivered)
Armour
 a - a +0 robe (worn)
 b - a +1 kite shield (worn)
 D - a +0 cloak (worn)
Jewellery
 u - a ring of protection from fire (left claw)
 x - a +6 ring of intelligence
 z - an amulet of regeneration (around neck)
 C - a ring of flight (right claw)
Wands
 q - a wand of paralysis (11)
 A - a wand of flame (37)
 I - a wand of mindburst (1)
Scrolls
 g - 2 scrolls of identify {unknown}
 h - 2 scrolls of enchant armour
 i - 2 scrolls of torment {unknown}
 l - a scroll of magic mapping
 n - a scroll of vulnerability
 o - a scroll of immolation
 s - 4 scrolls of teleportation
 t - a scroll of fear {unknown}
 v - a scroll of noise {unknown}
 w - 2 scrolls of amnesia {unknown}
 y - a scroll of fog
 E - a scroll of blinking {unknown}
Potions
 c - 2 potions of might
 d - 2 potions of cancellation {unknown}
 e - 2 potions of degeneration {unknown}
 f - a potion of resistance {unknown}
 j - 2 potions of invisibility {unknown}
 m - 6 potions of curing {unknown}
 r - a potion of attraction {unknown}
 F - a potion of ambrosia {unknown}
 H - a potion of haste {unknown}


   Skills:
 + Level 7.1 Fighting
 + Level 7.1 Dodging
 - Level 2.6 Shields
 + Level 8.2 Unarmed Combat


You had 8 spell levels left.
You didn't know any spells.
Your spell library contained the following spells:

 Spells                   Type           Power      Damage    Failure   Level
 Apportation              Tloc           0%         N/A       73%         1
 Magic Dart               Conj           0%         1d3       73%         1
 Sandblast                Erth           0%         2d4       73%         1
 Slow                     Hex            0%         N/A       73%         1
 Passwall                 Tmut/Erth      0%         N/A       86%         2
 Searing Ray              Conj           0%         2d4       86%         2
 Confusing Touch          Hex            0%         N/A       97%         3
 Stone Arrow              Conj/Erth      0%         3d7       97%         3
 Vampiric Draining        Necr           0%         2d6       97%         3
 Volatile Blastmotes      Fire/Tloc      0%         2d10      97%         3
 Fulminant Prism          Conj/Hex       0%         3d5       100%        4
 Iskenderun's Mystic Bla  Conj/Tloc      0%         2d3       100%        4
 Alistair's Intoxication  Tmut/Pois      0%         N/A       100%        5
 Lee's Rapid Deconstruct  Erth           0%         3d4*      100%        5


Dungeon Overview and Level Annotations

Branches:
Dungeon (8/15) Zot: 26907  Temple (1/1) D:5 Zot: 5860
   Lair: D:8-11

Altars:
Ashenzari
Cheibriados
Dithmenos
Elyvilon
Fedhas
Gozag
Hepliaklqana
Nemelex Xobeh
Qazlal
Ru
Sif Muna
Trog
Uskayaw
Vehumet
Wu Jian
Xom
Yredelemnul
Zin
The Shining One

Shops:
D:2 [   D:3 *   D:5 !:!

Annotations:
D:8 Gastronok, Joseph


Innate Abilities, Weirdness & Mutations

You are too large for most types of armour.
You have claws for hands.
Your natural rate of healing is unusually fast.
You are covered in fur. (AC +1)
You have tough skin. (AC +1)


Message History

Joseph unwields a +0 sling of flaming.
It stops flaming.
Joseph wields a +0 quarterstaff of speed.
Joseph drinks a potion.
Joseph goes berserk!
Items here: ))) [ ††.
You claw Joseph!
Joseph is lightly wounded.
Joseph hits you with a +0 quarterstaff of speed!
You claw Joseph!
Joseph is moderately wounded.
Joseph hits you with a +0 quarterstaff of speed!
You block Joseph's attack. x2
You barely miss Joseph.
Joseph is moderately wounded.
Joseph hits you with a +0 quarterstaff of speed!!
You block Joseph's attack.
You closely miss Joseph.
Joseph is moderately wounded.
Joseph barely misses you.
Joseph hits you with a +0 quarterstaff of speed.
You mangle Joseph!!
Joseph is heavily wounded.
Joseph hits you with a +0 quarterstaff of speed.
Joseph hits you with a +0 quarterstaff of speed!!
You feel much better. You block Joseph's attack.
Joseph hits you with a +0 quarterstaff of speed!!
You feel much better. You block Joseph's attack.
Joseph hits you with a +0 quarterstaff of speed!!
Joseph hits you with a +0 quarterstaff of speed!
* * * LOW HITPOINT WARNING * * *
A red film seems to cover your vision as you go berserk!
You feel yourself moving faster!
You feel mighty! You block Joseph's attack.
Joseph hits you with a +0 quarterstaff of speed!!
* * * LOW HITPOINT WARNING * * *
You mangle Joseph!!
Joseph is severely wounded.
You block Joseph's attack.
You claw Joseph!
Joseph is almost dead.
Joseph hits you with a +0 quarterstaff of speed!
You die...

#.####.#.#
#####
#.#......#
.... ###
#.#.#.##.###
.###... ..#
#...<.##.#
......###.#
###......#
#.....##.#
########
.....##.#
.###.#..##.#
......)o@@<#
######.#####
#. #. #. #.
#. ##


You could see Joseph (berserk) and an orc warrior.

Vanquished Creatures
  Grinder (D:5)
  Menkaure (D:5)
  3 water moccasins
  2 orc warriors
  A sky beast (D:7)
  3 ice beasts
  2 ogres
  A black bear (D:5)
  2 phantoms (D:6)
  2 kobold brigands
  2 bullfrogs
  5 wights
  4 scorpions
  2 jellies
  A gnoll bouda (D:7)
  A hound (D:3)
  2 orc priests
  4 iguanas
  A sleepcap (D:7)
  9 orc wizards
  12 gnolls
  12 adders
  2 shadow imps
  2 ufetubi
  3 worms
  2 dart slugs
  34 orcs
  9 endoplasms
  8 giant cockroaches
  5 goblins
  7 hobgoblins
  5 jackals
  13 kobolds
  3 quokkas
  14 ball pythons
  6 bats
  5 frilled lizards
  4 rats
195 creatures vanquished.

Vanquished Creatures (others)
  A plant (D:5)
1 creature vanquished.

Grand Total: 196 creatures vanquished

Notes
Turn   | Place    | Note
-------+----------+-------------------------------------------
     0 | D:1      | Arcadio the Troll Fighter began the quest for the Orb.
     0 | D:1      | Reached XP level 1. HP: 22/22 MP: 0/0
   138 | D:1      | Reached XP level 2. HP: 29/29 MP: 1/1
   672 | D:2      | Reached XP level 3. HP: 36/36 MP: 2/2
   754 | D:2      | Found Bumot's Antique Armour Emporium.
   855 | D:2      | Reached skill level 3 in Unarmed Combat
   855 | D:2      | Reached XP level 4. HP: 45/45 MP: 3/3
  1742 | D:3      | Reached XP level 5. HP: 40/53 MP: 4/4
  1970 | D:3      | Found Vysunez's Assorted Antiques.
  1973 | D:3      | Bought a scroll labelled QOGEYNEKIH for 26 gold pieces
  1973 | D:3      | Bought a scroll labelled MAZIOTT ANINEO for 26 gold pieces
  1973 | D:3      | Bought a potion of might for 104 gold pieces
  1973 | D:3      | Bought a viscous clear potion for 23 gold pieces
  2139 | D:4      | Reached XP level 6. HP: 26/62 MP: 5/5
  2317 | D:4      | Reached skill level 4 in Unarmed Combat
  2789 | D:5      | Entered Level 5 of the Dungeon
  2792 | D:5      | Found Gelapp's Book Boutique.
  2797 | D:5      | Found Saorphysh's Distillery.
  2799 | D:5      | Found Onadebeu's Distillery.
  2833 | D:5      | Noticed a water moccasin
  2846 | D:5      | Bought a potion of heal wounds for 55 gold pieces
  2866 | D:5      | Killed a water moccasin
  2995 | D:5      | Reached XP level 7. HP: 69/70 MP: 6/6
  3168 | D:5      | Noticed Grinder
  3184 | D:5      | Killed Grinder
  3185 | D:5      | Reached skill level 5 in Unarmed Combat
  3193 | D:5      | Found a staircase to the Ecumenical Temple.
  3202 | Temple   | Entered the Ecumenical Temple
  3319 | Temple   | Became a worshipper of the Shining One
  3401 | D:5      | Reached skill level 5 in Fighting
  3401 | D:5      | Reached skill level 5 in Dodging
  3403 | D:5      | Found a broken altar of Ashenzari.
  3407 | D:5      | Noticed Menkaure
  3421 | D:5      | Killed Menkaure
  3422 | D:5      | Reached XP level 8. HP: 53/80 MP: 7/7
  3622 | D:5      | Reached skill level 6 in Unarmed Combat
  3821 | D:5      | Identified the +3 hand axe of Dakiumuk {flame, Fragile Fly
                  | Int+6}
  4054 | D:5      | Found a bloodstained altar of Trog.
  4298 | D:6      | Reached * piety under the Shining One
  4431 | D:6      | Reached skill level 7 in Unarmed Combat
  4487 | D:6      | Reached XP level 9. HP: 88/89 MP: 8/8
  4585 | D:6      | Found a stormy altar of Qazlal.
  4594 | D:6      | Fell from the grace of the Shining One
  4594 | D:6      | Became a worshipper of Qazlal Stormbringer
  5436 | D:7      | Reached skill level 8 in Unarmed Combat
  5828 | D:8      | Noticed Gastronok
  5885 | D:8      | Noticed Joseph
  5906 | D:8      | HP: 1/139 [Joseph/+0 quarterstaff of speed (24)]
  5908 | D:8      | Mangled by Joseph

Illustrated notes

Levels and vault maps discovered:
D:1:      saegor_arrival_simple_c, layout_basic
D:2:      minmay_spotlight, layout_rooms, serial_shops, shop, amethyst_killhole,
          minmay_domino_2
D:3:      minmay_bubble_buster, layout_basic, serial_shops,
          nicolae_shop_real_fake_doors
D:4:      layout_loops_ring, kennysheep_nondescript
D:5:      layout_gridville, mainiacjoe_overflow_alcove_4,
          overflow_temple_1_default, minmay_temple_entry_overgrown,
          nicolae_shop_distant_corner_stores, uniq_grinder, uniq_menkaure
D:6:      layout_loops_ring, mainiacjoe_overflow_surrounded_room
D:7:      layout_loops_ring
D:8:      layout_loops_cross, mainiacjoe_overflow_large_starburst,
          patterned_corridor, uniq_gastronok, uniq_joseph
Temple:   nicolae_temple_bog_church

Skill      XL: |  1  2  3  4  5  6  7  8  9 |
---------------+----------------------------+-----
Fighting       | 3 4 5 6 7 |  7.1
Dodging        | 3 4 5 6 7 |  7.1
Unarmed Combat | 3 4 5 7 8 |  8.2
Shields        | |  2.6

Action                     |  1- 3 |  4- 6 |  7- 9 || total
---------------------------+-------+-------+-------++-------
  Melee: Unarmed           |   102 |   198 |   311 ||   611
  Evoke: Wand              |       |       |     2 ||     2
    Use: Scroll            |       |     2 |     4 ||     6
         Potion            |       |     1 |     3 ||     4
   Stab: Sleeping          |     1 |       |       ||     1
 Armour: Robe              |    40 |    45 |    66 ||   151
  Dodge: Dodged            |    36 |    64 |   122 ||   222
  Block: Kite shield       |    29 |    55 |   121 ||   205
